 Dungeon Crawl Stone Soup version 0.14-a0-1444-g21dc12d (webtiles) character file.

227 July the Sneak (level 5, 0/24 HPs)
             Began as a Spriggan Enchanter on Dec 12, 2013.
             Slain by a worker ant (6 damage)
             ... on Level 5 of the Dungeon.
             The game lasted 00:12:06 (4140 turns).

July the Sneak (Spriggan Enchanter)                 Turns: 4140, Time: 00:12:07

HP   0/24        AC  4     Str  5      XL: 5   Next:  4%
MP  18/18        EV 18     Int 16      God:
Gold 84          SH  0     Dex 17      Spells:  2 memorised,  9 levels left

rFire  . . .     SeeInvis +     a - +1 dagger
rCold  . . .     Clarity  .     b - +1 robe
rNeg   . . .     Conserve .     (shield restricted)
rPois  .         rCorr    .     (helmet restricted)
rElec  .         rRot     .     o - +0 cloak
SustAb . .       Spirit   .     (gloves unavailable)
rMut   .         Warding  .     (boots unavailable)
Saprov . . .     Stasis   .     (no amulet)
                                (no ring)
                                (no ring)

@: mildly poisoned, very quick, somewhat resistant to hostile enchantments, very
stealthy
A: unfitting armour, see invisible, herbivore 3, speed 3, slow metabolism 2
a: no special abilities


You were on level 5 of the Dungeon.
You were full.

You visited 1 branch of the dungeon, and saw 5 of its levels.

You collected 194 gold pieces.
You spent 110 gold pieces at shops.

Inventory:

Hand weapons
 a - a +1,+1 dagger (weapon)
 h - a +1,+0 dwarven dagger
 k - a +1,+0 dagger
 r - a -1,+1 orcish dagger
Missiles
 d - 14 darts (quivered)
Armour
 b - a +1 robe (worn)
 o - a +0 cloak (worn)
Comestibles
 z - 2 bread rations
Scrolls
 f - a scroll of amnesia {unknown}
 g - 2 scrolls of enchant weapon II {unknown}
 j - a scroll of blinking {unknown}
 l - 2 scrolls of remove curse {unknown}
 n - a scroll of recharging {unknown}
 w - 2 scrolls of teleportation
 x - a scroll of enchant weapon I
Potions
 e - a potion of porridge
 i - a potion of agility
 m - 2 potions of degeneration
 q - 2 potions of lignification
 u - a potion of brilliance {unknown}
 v - 2 potions of restore abilities
Books
 c - a book of Maledictions

   Spells                             Type                      Level
   *Corona                            Hexes                        1
   Sure Blade                         Hexes/Charms                 2
   *Ensorcelled Hibernation           Hexes/Ice                    2
   Confuse                            Hexes                        3
   Enslavement                        Hexes                        4
   Invisibility                       Hexes                        6
 t - a book of Dreams

   Spells                             Type                      Level
   *Ensorcelled Hibernation           Hexes/Ice                    2
   Flight                             Charms/Air                   3
   Phase Shift                        Translocation                5
   Shadow Creatures                   Summoning                    5
   Mass Confusion                     Hexes                        6
   Darkness                           Hexes                        7


   Skills:
 - Level 1.1 Short Blades
 - Level 1.1 Throwing
 - Level 3.0 Dodging
 - Level 7.1 Stealth
 * Level 4.2 Spellcasting
 - Level 3.6 Hexes


You had 9 spell levels left.
You knew the following spells:

 Your Spells              Type           Power        Failure   Level  Hunger
m - Corona                Hex            ##.....      4%          1    None
s - Ensorcelled Hibernat  Hex/Ice        #.....       14%         2    ##.....


Dungeon Overview and Level Annotations

Branches:
Dungeon (5/16)
 Temple: D:4-7

Altars:
Fedhas
Nemelex Xobeh

Shops:
D:4 *

Annotations:
D:3 Ijyb
D:4 Dowan, Duvessa, Grinder


Innate Abilities, Weirdness & Mutations

You are tiny and cannot use many weapons and most armour.
You have supernaturally acute eyesight.
You are a herbivore.
You cover ground extremely quickly.
You need consume almost no food.


Message History

Throwing (i - inventory):
d - 16 darts (quivered)
Press: ? - help, Shift-Dir - straight line, f/p - worker ant
Aim: a worker ant (lightly wounded)
You throw a dart. The dart misses the worker ant.
Throwing (i - inventory):
d - 15 darts (quivered)
Press: ? - help, Shift-Dir - straight line, f/p - worker ant
Aim: a worker ant (lightly wounded)
You throw a dart. The dart hits the worker ant.
The worker ant is lightly wounded.
You hit the worker ant but do no damage.
The worker ant is lightly wounded.
The worker ant barely misses you.
You barely miss the worker ant.
The worker ant is lightly wounded.
The worker ant bites you.
* * * LOW HITPOINT WARNING * * *
You are poisoned.
The worker ant poisons you! The worker ant bites you.
You die...

....# ... #.# #.# #
#.################
#####.....#..........#
..........#..........#
....?................#
#####.....#.....@....#
........(.((..(a.....#
#####....(############
#.....# #.../.#
#.....# #######


You could see a worker ant.

Vanquished Creatures
  Crazy Yiuf (D:3)
  3 adders
  A giant mite (D:5)
  A worm (D:2)
  A giant gecko (D:1)
  An ooze (D:3)
  An orc (D:3)
  A ball python (D:2)
  3 giant cockroaches
  7 hobgoblins
  16 jackals
  4 bats
  5 giant newts
  5 goblins
  A hobgoblin skeleton (D:5)
  9 kobolds
  3 quokkas
  7 rats
70 creatures vanquished.

Notes
Turn   | Place    | Note
--------------------------------------------------------------
     0 | D:1      | July, the Spriggan Enchanter, began the quest for the Orb.
     0 | D:1      | Reached XP level 1. HP: 9/9 MP: 4/4
   340 | D:1      | Reached skill level 4 in Stealth
   354 | D:1      | Reached XP level 2. HP: 11/13 MP: 7/7
   989 | D:1      | Found a sparkling altar of Nemelex Xobeh.
  1209 | D:1      | Reached skill level 5 in Stealth
  1734 | D:2      | Reached XP level 3. HP: 9/16 MP: 9/9
  1908 | D:2      | Reached skill level 6 in Stealth
  2449 | D:3      | Reached XP level 4. HP: 6/21 MP: 12/12
  2793 | D:3      | Noticed Ijyb
  2821 | D:2      | Reached skill level 7 in Stealth
  3241 | D:3      | Noticed Crazy Yiuf
  3247 | D:3      | Killed Crazy Yiuf
  3268 | D:3      | Learned a level 2 spell: Ensorcelled Hibernation
  3490 | D:4      | Found Theokh's General Store.
  3500 | D:4      | Bought a scroll of enchant weapon I for 71 gold pieces
  3500 | D:4      | Bought a scroll of teleportation for 39 gold pieces
  3695 | D:4      | Found a blossoming altar of Fedhas.
  3754 | D:4      | Noticed Duvessa
  3754 | D:4      | Noticed Dowan
  3759 | D:4      | Noticed Grinder
  3759 | D:5      | Entered Level 5 of the Dungeon
  4084 | D:5      | Reached XP level 5. HP: 3/24 MP: 18/18
  4140 | D:5      | Slain by a worker ant

Action                   |  1- 3 |  4- 6 || total
-------------------------+-------+-------++-------
Melee: Dagger            |   235 |   138 ||   373
Throw: Dart              |       |    10 ||    10
  Use: Scroll            |       |     4 ||     4
       Potion            |       |     1 ||     1
 Stab: Sleeping          |     9 |     7 ||    16
       Distracted        |       |     1 ||     1
